 Dungeon Crawl Stone Soup version 0.29.0-4-gdea44cf6ec (webtiles) character file.

Game seed: 16790311134949409816

209629 qw the Peltast (level 18, -2/120 HPs)
             Began as a Gargoyle Berserker on Sept 4, 2022.
             Was an Elder of Trog.
             Slain by an orc warlord
             ... wielding a +0 great mace
              (11 damage)
             ... on level 2 of the Vaults.
             The game lasted 00:14:30 (40655 turns).

qw the Peltast (Gargoyle Berserker)                Turns: 40655, Time: 00:14:30

Health: -2/120     AC: 54    Str: 28    XL:     18   Next: 82%
Magic:  0/18       EV:  9    Int:  9    God:    Trog [****..]
Gold:   1969       SH: 21    Dex: 15    Spells: 17/17 levels left

rFire   . . .      SeeInvis +   p - +7 broad axe (vamp)
rCold   . . .      Faith    .   q - +0 tower shield
rNeg    + . .      Spirit   +   t - +4 plate armour "Imeoj" {Stlth+}
rPois   inf        Reflect  .   B - +2 helmet {SInv}
rElec   +          Harm     .   r - +1 cloak
rCorr   .          Rampage  .   a - +2 pair of gloves
Will    ++++.                   d - +2 pair of boots
Stlth   ..........              v - amulet of guardian spirit
HPRegen 1.30/turn               g - ring "Xiunt" {Will+ Dex+6}
MPRegen 0.16/turn               b - +4 ring of protection

@: marked, strong-willed (expiring), frozen, on berserk cooldown, flying,
regenerating (expiring), slowed, very slow
A: sickness immunity, AC +13, big wings, negative energy resistance 1,
electricity resistance, torment resistance 1, petrification resistance,
iridescent scales 1, passive freeze
}: 1/15 runes: decaying
a: Renounce Religion, Berserk, Trog's Hand, Brothers in Arms


You were on level 2 of the Vaults.
You worshipped Trog.
Trog was greatly pleased with you.
You visited 6 branches of the dungeon, and saw 31 of its levels.

You collected 3793 gold pieces.
You spent 1824 gold pieces at shops.


Innate Abilities, Weirdness & Mutations

You are immune to sickness and miasma.
Your stone body is resilient. (AC +13)
You are immune to poison.
Your large and strong wings let you fly.
You resist negative energy. (rN+)
You are resistant to electric shocks. (rElec)
You are resistant to unholy torment.
You are immune to petrification.
You are partially covered in iridescent scales. (AC +2)
A frigid envelope surrounds you and freezes all who hurt you.


   Skills:
 - Level 16.0 Fighting
 - Level 18.0 Axes
 - Level 5.0 Throwing
 + Level 15.2 Armour
 - Level 6.0 Dodging
 - Level 19.0 Shields


You had 17 spell levels left.
You didn't know any spells.
Your spell library was empty.

Inventory:

Hand Weapons
 p - a +7 vampiric broad axe (weapon)
Missiles
 i - a silver boomerang (quivered)
 m - 23 boomerangs
 s - 3 boomerangs of dispersal
Armour
 a - a +2 pair of gloves (worn)
 d - a +2 pair of boots (worn)
 q - a +0 tower shield (worn)
 r - a +1 cloak (worn)
 t - the +4 plate armour "Imeoj" (worn) {Stlth+}
   (You found it on level 3 of the Spider Nest)

   Stlth:     It makes you more stealthy.
 B - a +2 helmet of see invisible (worn)
Jewellery
 b - a +4 ring of protection (right hand)
 g - the ring "Xiunt" (left hand) {Will+ Dex+6}
   (You found it on level 4 of the Dungeon)

   [ring of dexterity]

   Dex:       It affects your dexterity (+6).
   Will:      It increases your willpower.
 l - a +4 ring of evasion
 v - an amulet of guardian spirit (around neck)
 w - a ring of fire
 y - an amulet of the acrobat
 z - a ring of fire
Scrolls
 k - 13 scrolls of identify
 A - 2 scrolls of teleportation
Potions
 c - 14 potions of curing
 e - 5 potions of heal wounds
 f - 4 potions of mutation
 h - a potion of resistance
 j - 5 potions of haste
 o - 6 potions of might
 x - 2 potions of cancellation

Dungeon Overview and Level Annotations

Branches:
Dungeon (15/15)            Temple (0/1) D:5            Lair (5/5) D:8
  Swamp (4/4) Lair:2       Spider (3/4) Lair:2        Slime (0/5) Lair:5
    Orc (2/2) D:10            Elf (0/3) Orc:2        Vaults (2/5) D:14
 Depths (0/4) D:15
  Crypt: Vaults:2-3

Altars:
Dithmenos
Elyvilon
Fedhas
Gozag
Makhleb
Nemelex Xobeh
Okawaru
Sif Muna
Vehumet
Wu Jian
Jiyva

Shops:
D:2 :   D:3 [   Orc:1 *   Orc:2 :=?([

Portals:
Trove: D:14 (give +3 shadow dragon scales)

Annotations:
D:13 2 transporters, Ined's ghost, journeyman MiBe
D:15 2 transporters, Jussuw Iff's ghost, adept KoGl
Lair:1 1 runed translucent door, qw's ghost, journeyman TrCA


Message History

The ironbound frostheart calls freezing cold from the walls.
The frost grips you.
The vault warden hits you but does no damage.
An ironbound preserver comes into view. It is wielding a +0 morningstar.
The vault sentinel blows a loud note on a signal horn!
You slice the lindwurm!!
The lindwurm is almost dead.
You slice the ironbound frostheart!! You closely miss the orc warlord.
You slice the vault sentinel!!
You feel better.
Your ogre hits the vault sentinel with a +0 giant club.
You block the orc warlord's attack. The lindwurm closely misses you.
You block the lindwurm's attack. x2; The vault warden barely misses you.
The ironbound frostheart touches you! The ironbound frostheart freezes you!!
The ironbound frostheart resists.
The ironbound frostheart is very cold.
The ironbound frostheart is severely wounded.
An ironbound convoker comes into view. It is wielding a +0 mace.
A green ugly thing comes into view.
The vault sentinel unwields a +0 arbalest.
The vault sentinel wields a +2 morningstar of protection.
The vault sentinel hits you but does no damage.
The vault sentinel is very cold.
The vault sentinel is almost dead.
You closely miss the vault sentinel.
The vault sentinel is almost dead.
You hit the lindwurm but do no damage. You hit the ironbound frostheart.
You completely miss the orc warlord. The ice encasing you melts away.
Your ogre closely misses the vault sentinel.
A peacekeeper comes into view.
The ironbound frostheart calls freezing cold from the walls.
The frost grips you!!
You are encased in ice.
You block the lindwurm's attack. x2
The lindwurm claws you but does no damage.
The lindwurm is very cold.
You kill the lindwurm!
Trog accepts your kill.
The vault warden hits you but does no damage.
The orc warlord hits you with a +0 great mace!
You die...

#.....# #.....# #
#.....# ....#.....#
....+[..).#
....+.....#
....#...).#
....#..)[)##########
... +...))u.@pp9op.p
.. .#..)..Op.oJp...9
..+.......kOp9....
####.........o.....
#...............
#######+###+#### ...
.# .... #


You could see an orc warlord (strong), 2 ironbound preservers, a vault warden,
an ironbound thunderhulk (fast), a vault guard, 2 orc knights, a green ugly
thing, 2 crystal guardians, a large slime creature, an ironbound frostheart, a
vault sentinel (catching breath), a lindwurm, an ironbound convoker, a
peacekeeper and a friendly ogre (summoned, berserk).

Vanquished Creatures
  Rupert (D:13)
  A thorn hunter (Swamp:4)
  Agnes (D:15)
  A tengu reaver (D:12)
  An orc warlord (Orc:2)
  3 vault wardens
  Louise (D:15)
  An ironbound preserver (Vaults:1)
  A war gargoyle (Vaults:1)
  2 very ugly things (Vaults:2)
  A stone giant (D:15)
  A broodmother (Spider:1)
  A vampire knight (D:12)
  3 eleionomae
  2 entropy weavers
  2 bunyips
  8 vault guards
  A shambling mangrove (Swamp:4)
  6 boulder beetles
  23 hydras
  A peacekeeper (Vaults:1)
  5 centaur warriors
  An ogre mage (D:14)
  2 catoblepae
  A ghost crab (Swamp:3)
  8 alligators
  5 two-headed ogres
  2 radroaches
  A tengu warrior (D:13)
  22 death yaks
  An orc high priest (Orc:2)
  Urug (Lair:2)
  A spriggan berserker (Swamp:4)
  4 skeletal warriors (D:14)
  6 pharaoh ants
  4 goliath frogs
  5 steelbarb worms
  14 swamp dragons
  6 bog bodies
  4 orc knights
  3 lindwurms
  2 ironbound convokers (Vaults:1)
  2 wizards
  A tengu zombie (Vaults:1)
  2 deep elf pyromancers
  2 necromancers
  2 oklob plants (Lair:5)
  14 ugly things
  13 wolf spiders
  11 cyclopes
  2 will-o-the-wisps (Swamp:4)
  2 orc sorcerers
  A sphinx skeleton (Vaults:1)
  A human zombie (Vaults:1)
  4 manticores
  6 black mambas
  5 moths of wrath
  4 elephants
  An unseen horror (D:12)
  8 cane toads
  4 torpor snails
  A gargoyle (D:13)
  5 vault sentinels
  A kobold demonologist (D:11)
  10 komodo dragons
  11 demonic crawlers (Spider:1)
  A freezing wraith (D:14)
  4 yaktaurs
  A tengu conjurer (D:13)
  2 efreet
  4 rime drakes
  7 polar bears
  4 trolls
  11 hornets
  Prince Ribbit (D:9)
  Grinder (D:4)
  24 tarantellas
  4 blink frogs
  5 tyrant leeches
  21 slime creatures
  2 dream sheep (Lair:5)
  A centaur simulacrum (D:15)
  19 jumping spiders
  2 wraiths
  3 wyverns
  18 spriggans
  12 culicivoras
  57 yaks
  A golden eye (shapeshifter) (D:8)
  A human (shapeshifter) (D:15)
  Eustachio (D:4)
  52 redbacks
  A basilisk (shapeshifter) (D:12)
  5 basilisks
  12 vampire mosquitoes
  4 wargs
  14 swamp worms
  An acid dragon (D:8)
  11 water moccasins
  A meliai simulacrum (D:14)
  An ice beast (D:4)
  8 black bears
  32 orc warriors
  3 swamp drakes
  27 wolves
  6 boggarts
  11 centaurs
  11 ogres
  3 phantoms
  A gnoll sergeant (D:8)
  4 kobold brigands
  Blork the orc (D:4)
  16 bullfrogs
  2 scorpions (D:4)
  3 wights (D:8)
  10 killer bees
  5 electric eels
  2 vampire bats (Lair:5)
  A howler monkey (D:4)
  2 hounds
  A jelly (D:8)
  30 orc priests
  5 iguanas
  21 orc wizards
  Natasha (D:2)
  3 yak simulacra (D:14)
  3 wolf simulacra (D:14)
  A gnoll (D:1)
  9 adders
  2 shadow imps
  2 white imps
  4 ufetubi
  2 worms
  2 dart slugs
  109 orcs
  13 bats
  10 endoplasms
  3 giant cockroaches
  12 goblins
  9 hobgoblins
  4 jackals (D:1)
  3 quokkas
  5 ball pythons
  4 frilled lizards (D:1)
  13 kobolds
  8 rats
  5 river rat simulacra (D:14)
  A plant (Lair:5)
1015 creatures vanquished.

Vanquished Creatures (collateral kills)
  3 entropy weavers (Spider:1)
  A yaktaur captain (Vaults:2)
  2 boulder beetles
  2 vault guards (Vaults:2)
  A hydra (Swamp:4)
  2 ironbound frosthearts
  A death yak (Lair:5)
  A goliath frog (Swamp:1)
  2 steelbarb worms
  2 ironbound convokers (Vaults:2)
  6 orb spiders
  A lindwurm (Vaults:2)
  An orc knight (Vaults:2)
  A tarantella (Spider:3)
  A slime creature (D:12)
  A culicivora (Spider:2)
  2 jumping spiders
  A shadow (D:11)
  5 yaks (D:11)
  2 redbacks
  A warg (Orc:2)
  A swamp worm (Swamp:4)
  2 orc warriors (Orc:2)
  2 wolves (Lair:5)
  2 orc wizards (Orc:2)
  3 orcs (Orc:2)
49 creatures vanquished.

Vanquished Creatures (others)
  A bunyip (Swamp:2)
  4 bloated husks
  A hornet (Swamp:3)
  A spriggan (Swamp:3)
  A vampire mosquito (Swamp:1)
  A water moccasin (Lair:1)
  8 foxfires (Swamp:4)
  15 fungi
  38 plants
70 creatures vanquished.

Grand Total: 1134 creatures vanquished

Notes
Turn   | Place    | Note
-------+----------+-------------------------------------------
     0 | D:1      | qw the Gargoyle Berserker began the quest for the Orb.
     0 | D:1      | Reached XP level 1. HP: 14/14 MP: 1/1
     0 | D:1      | 0 ||| qw: Version: 0.1-a-103-gd6f5d3a
     0 | D:1      | 0 ||| qw: Game counter: 5641
     0 | D:1      | 0 ||| qw: Always use a shield: true
     0 | D:1      | 0 ||| qw: Do Orc after D:15 true
     0 | D:1      | 0 ||| qw: Do second Lair branch before Depths: true
     0 | D:1      | 0 ||| qw: Lair rune preference: random
     0 | D:1      | 0 ||| qw: Plans: Normal
     0 | D:1      | 0 ||| PLANNING D:1-11
    83 | D:1      | Reached skill level 3 in Axes
   321 | D:1      | Reached XP level 2. HP: 19/19 MP: 2/2
   342 | D:1      | 342 ||| Stepping ~*~*~tactically~*~*~ (stealth).
   346 | D:1      | 346 ||| Stepping ~*~*~tactically~*~*~ (stealth).
   355 | D:1      | 355 ||| Stepping ~*~*~tactically~*~*~ (stealth).
   357 | D:1      | 357 ||| Stepping ~*~*~tactically~*~*~ (stealth).
   575 | D:1      | 575 ||| INVOKING Berserk.
   578 | D:1      | Reached XP level 3. HP: 23/23 MP: 3/3
   943 | D:1      | Reached ** piety under Trog
  1311 | D:1      | 1311 ||| READING scroll labelled FALIKI TEALAS.
  1312 | D:1      | 1312 ||| READING scroll labelled ACYMEEDYELI.
  1313 | D:1      | 1313 ||| DRINKING 2 amethyst potions.
  1314 | D:1      | 1314 ||| DRINKING 2 fuming clear potions.
  1364 | D:2      | Found Lout's Book Shoppe.
  1375 | D:2      | Reached XP level 4. HP: 24/28 MP: 4/4
  1452 | D:2      | Found a radiant altar of Vehumet.
  1502 | D:2      | 1502 ||| Stepping ~*~*~tactically~*~*~ (stealth).
  1503 | D:2      | 1503 ||| Stepping ~*~*~tactically~*~*~ (stealth).
  1516 | D:2      | 1516 ||| Stepping ~*~*~tactically~*~*~ (stealth).
  1611 | D:2      | 1611 ||| INVOKING Berserk.
  1621 | D:2      | HP: 6/28 [frozen (5)]
  1622 | D:2      | 1622 ||| DRINKING potion of heal wounds.
  1713 | D:2      | You fall into a shaft and drop 1 floor!
  1735 | D:2      | 1735 ||| Stepping ~*~*~tactically~*~*~ (stealth).
  2096 | D:2      | Noticed Natasha
  2097 | D:2      | 2097 ||| Stepping ~*~*~tactically~*~*~ (hiding).
  2100 | D:2      | 2100 ||| INVOKING Berserk.
  2104 | D:2      | Killed Natasha
  2282 | D:2      | 2282 ||| UPGRADING to +0 leather armour.
  2292 | D:2      | 2292 ||| DROPPING +0 animal skin.
  2293 | D:2      | 2293 ||| READING scroll labelled WINGYO YRISO.
  2298 | D:2      | 2298 ||| READING scroll labelled DENAHE LIEFA.
  2328 | D:3      | Found a sparkling altar of Nemelex Xobeh.
  2337 | D:3      | 2337 ||| Stepping ~*~*~tactically~*~*~ (hiding).
  2348 | D:3      | Reached XP level 5. HP: 31/32 MP: 5/5
  2383 | D:3      | Found Fitelole's Armour Shoppe.
  2413 | D:3      | 2413 ||| Stepping ~*~*~tactically~*~*~ (stealth).
  2468 | D:3      | 2468 ||| BUYING +0 cloak (54 gold).
  2468 | D:3      | Bought a +0 cloak for 54 gold pieces
  2468 | D:3      | 2468 ||| SHOPLISTING +0 fire dragon scales (720 gold, have
                  | 51).
  2468 | D:3      | 2468 ||| SHOPLISTING +0 helmet (54 gold, have 51).
  2468 | D:3      | 2468 ||| SHOPLISTING +4 scale mail of fire resistance (372
                  | gold, have 51).
  2578 | D:3      | 2578 ||| Stepping ~*~*~tactically~*~*~ (hiding).
  2604 | D:3      | 2604 ||| FLEEEEING.
  2605 | D:3      | 2605 ||| FLEEEEING.
  2606 | D:3      | 2606 ||| FLEEEEING.
  2607 | D:3      | 2607 ||| FLEEEEING.
  2608 | D:3      | 2608 ||| FLEEEEING.
  2609 | D:3      | 2609 ||| FLEEEEING.
  2610 | D:3      | 2610 ||| FLEEEEING.
  2611 | D:3      | 2611 ||| FLEEEEING.
  2612 | D:3      | 2612 ||| FLEEEEING.
  2613 | D:3      | 2613 ||| FLEEEEING.
  2737 | D:3      | 2737 ||| DROPPING +0 whip.
  2838 | D:3      | 2838 ||| SWAPPING to +2 vorpal hand axe.
  2839 | D:3      | 2839 ||| DROPPING +0 hand axe.
  3044 | D:3      | 3044 ||| Stepping ~*~*~tactically~*~*~ (stealth).
  3132 | D:3      | 3132 ||| UPGRADING to +0 chain mail.
  3142 | D:3      | 3142 ||| DROPPING +0 leather armour.
  3143 | D:3      | 3143 ||| UPGRADING to +2 pair of boots.
  3148 | D:3      | 3148 ||| UPGRADING to +0 cloak.
  3153 | D:3      | 3153 ||| READING scroll labelled ROP SEIMEC.
  3154 | D:3      | 3154 ||| READING scroll labelled SAZ GIKUCZU.
  3155 | D:3      | 3155 ||| DRINKING 3 blue potions.
  3155 | D:3      | Gained mutation: You are partially covered in iridescent
                  | scales. (AC +2) [potion of mutation]
  3155 | D:3      | Gained mutation: A frigid envelope surrounds you and
                  | freezes all who hurt you. [potion of mutation]
  3197 | D:4      | 3197 ||| STAIRDANCE
  3204 | D:4      | Reached skill level 3 in Armour
  3204 | D:4      | Reached XP level 6. HP: 33/38 MP: 6/6
  3204 | D:4      | 3204 ||| STAIRDANCE
  3335 | D:4      | 3335 ||| Stepping ~*~*~tactically~*~*~ (stealth).
  3336 | D:4      | 3336 ||| Stepping ~*~*~tactically~*~*~ (stealth).
  3364 | D:4      | Found an iron altar of Okawaru.
  3373 | D:4      | Noticed Blork the orc
  3374 | D:4      | 3374 ||| INVOKING Berserk.
  3376 | D:4      | Killed Blork the orc
  3572 | D:4      | 3572 ||| DRINKING 2 fizzy orange potions.
  3574 | D:4      | 3574 ||| READING 2 scrolls of identify.
  3574 | D:4      | 3574 ||| IDENTIFYING viscous orange potion
  3575 | D:4      | 3575 ||| DROPPING potion of attraction.
  3576 | D:4      | 3576 ||| DROPPING potion of flight.
  3577 | D:4      | 3577 ||| READING 3 scrolls of teleportation.
  3631 | D:4      | 3631 ||| Stepping ~*~*~tactically~*~*~ (stealth).
  3633 | D:4      | 3633 ||| Stepping ~*~*~tactically~*~*~ (stealth).
  3684 | D:4      | 3684 ||| Stepping ~*~*~tactically~*~*~ (stealth).
  3686 | D:4      | Noticed Grinder
  3687 | D:4      | 3687 ||| INVOKING Trog's Hand.
  3689 | D:4      | Noticed Eustachio
  3690 | D:4      | 3690 ||| INVOKING Berserk.
  3703 | D:4      | Killed Eustachio
  3704 | D:4      | Reached skill level 6 in Axes
  3704 | D:4      | Reached XP level 7. HP: 43/43 MP: 7/7
  3706 | D:4      | 3706 ||| INVOKING Trog's Hand.
  3707 | D:4      | Killed Grinder
  3956 | D:4      | 3956 ||| INVOKING Berserk.
  4076 | D:4      | Reached *** piety under Trog
  4077 | D:4      | Reached XP level 8. HP: 49/49 MP: 8/8
  4115 | D:4      | Identified the ring "Xiunt" {Will+ Dex+6}
  4354 | D:4      | 4354 ||| UPGRADING to +0 buckler.
  4359 | D:4      | 4359 ||| UPGRADING to ring "Xiunt" {Will+ Dex+6}.
  4360 | D:4      | 4360 ||| DRINKING 2 murky inky potions.
  4361 | D:4      | 4361 ||| READING 2 scrolls of identify.
  4361 | D:4      | 4361 ||| IDENTIFYING fuming emerald potion
  4362 | D:4      | 4362 ||| DROPPING potion of magic.
  4363 | D:4      | 4363 ||| DROPPING potion of invisibility.
  4380 | D:5      | Entered Level 5 of the Dungeon
  4394 | D:5      | Found a shadowy altar of Dithmenos.
  4394 | D:5      | Found a burning altar of Makhleb.
  4450 | D:5      | Reached skill level 1 in Shields
  4487 | D:5      | Reached skill level 2 in Shields
  4592 | D:5      | Found a staircase to the Ecumenical Temple.
  4634 | D:5      | 4634 ||| Stepping ~*~*~tactically~*~*~ (hiding).
  4635 | D:5      | 4635 ||| Stepping ~*~*~tactically~*~*~ (hiding).
  4639 | D:5      | 4639 ||| Stepping ~*~*~tactically~*~*~ (hiding).
  4640 | D:5      | 4640 ||| Stepping ~*~*~tactically~*~*~ (hiding).
  4821 | D:5      | 4821 ||| INVOKING Berserk.
  4826 | D:5      | Reached skill level 3 in Shields
  4971 | D:5      | 4971 ||| Stepping ~*~*~tactically~*~*~ (stealth).
  4986 | D:5      | 4986 ||| SWAPPING to +1 hand axe of flaming.
  4987 | D:5      | 4987 ||| DROPPING +0 flail.
  4988 | D:5      | 4988 ||| DROPPING +2 vorpal hand axe.
  5159 | D:5      | Found a white marble altar of Elyvilon.
  5164 | D:5      | 5164 ||| READING scroll labelled XUT LON LIHOTT.
  5165 | D:5      | 5165 ||| READING scroll labelled ITSEUR ANAE.
  5166 | D:5      | 5166 ||| DRINKING 2 fizzy clear potions.
  5212 | D:6      | 5212 ||| INVOKING Berserk.
  5535 | D:6      | 5535 ||| INVOKING Berserk.
  5715 | D:6      | Found an opulent altar of Gozag.
  5737 | D:6      | 5737 ||| INVOKING Berserk.
  5740 | D:6      | Reached skill level 6 in Fighting
  6008 | D:6      | 6008 ||| Stepping ~*~*~tactically~*~*~ (hiding).
  6009 | D:6      | 6009 ||| Stepping ~*~*~tactically~*~*~ (hiding).
  6010 | D:6      | 6010 ||| Stepping ~*~*~tactically~*~*~ (hiding).
  6340 | D:6      | 6340 ||| UPGRADING to +0 pair of gloves.
  6345 | D:6      | 6345 ||| READING 2 scrolls of identify.
  6345 | D:6      | 6345 ||| IDENTIFYING viscous white potion
  6397 | D:7      | 6397 ||| Stepping ~*~*~tactically~*~*~ (hiding).
  6499 | D:7      | Found a flagged portal.
  6504 | D:7      | Reached XP level 9. HP: 43/55 MP: 9/9
  6508 | D:7      | 6508 ||| Stepping ~*~*~tactically~*~*~ (water).
  6515 | D:7      | 6515 ||| INVOKING Berserk.
  6527 | D:7      | HP: 10/55 [centaur/arrow (9)]
  6528 | D:7      | 6528 ||| READING 3 scrolls of teleportation.
  6529 | D:7      | 6529 ||| DRINKING potion of heal wounds.
  6723 | D:7      | Identified the +6 dagger "Noilage" {pain, rPois Int+3
                  | Stlth+}
  6866 | D:7      | 6866 ||| Stepping ~*~*~tactically~*~*~ (hiding).
  7018 | D:7      | Reached **** piety under Trog
  7373 | D:7      | 7373 ||| READING scroll labelled NESOOD INI.
  7374 | D:7      | 7374 ||| READING scroll labelled AMNUD MOVVALI.
  7475 | D:7      | 7475 ||| DRINKING 2 fizzy black potions.
  7505 | D:7      | 7505 ||| DRINKING 2 fizzy purple potions.
  7506 | D:7      | 7506 ||| DROPPING potion of lignification.
  7507 | D:7      | 7507 ||| DROPPING potion of brilliance.
  7572 | D:8      | Noticed an elephant
  7572 | D:8      | Found a staircase to the Lair.
  7577 | D:8      | 7577 ||| INVOKING Berserk.
  7578 | D:8      | Reached skill level 9 in Axes
  7581 | D:8      | Reached skill level 4 in Shields
  7582 | D:8      | Killed an elephant
  7583 | D:8      | Reached skill level 6 in Armour
  7732 | D:8      | Noticed a two-headed ogre
  7736 | D:8      | 7736 ||| INVOKING Berserk.
  7741 | D:8      | Killed a two-headed ogre
  7742 | D:8      | Reached XP level 10. HP: 65/65 MP: 10/10
  7894 | D:8      | Reached skill level 1 in Throwing
  7913 | D:8      | 7913 ||| Stepping ~*~*~tactically~*~*~ (hiding).
  7914 | D:8      | 7914 ||| Stepping ~*~*~tactically~*~*~ (hiding).
  7955 | D:8      | 7955 ||| Stepping ~*~*~tactically~*~*~ (stealth).
  7957 | D:8      | 7957 ||| Stepping ~*~*~tactically~*~*~ (stealth).
  7959 | D:8      | 7959 ||| Stepping ~*~*~tactically~*~*~ (stealth).
  7962 | D:8      | 7962 ||| Stepping ~*~*~tactically~*~*~ (stealth).
  7986 | D:8      | Found an ornate altar of the Wu Jian Council.
  7986 | D:8      | Found a blossoming altar of Fedhas.
  8010 | D:8      | 8010 ||| INVOKING Berserk.
  8470 | D:8      | 8470 ||| INVOKING Berserk.
  8831 | D:8      | 8831 ||| Stepping ~*~*~tactically~*~*~ (hiding).
  8881 | D:8      | 8881 ||| SWAPPING to +3 hand axe of freezing.
  9005 | D:8      | 9005 ||| Stepping ~*~*~tactically~*~*~ (stealth).
  9007 | D:8      | 9007 ||| INVOKING Berserk.
  9159 | D:8      | 9159 ||| SWAPPING to +0 war axe.
  9193 | D:8      | 9193 ||| DROPPING +3 hand axe of freezing.
  9198 | D:8      | Noticed a deep elf pyromancer
  9198 | D:8      | Noticed a manticore
  9198 | D:8      | Noticed a two-headed ogre
  9199 | D:8      | 9199 ||| INVOKING Berserk.
  9204 | D:8      | Reached skill level 3 in Throwing
  9208 | D:8      | Killed a deep elf pyromancer
  9209 | D:8      | Reached skill level 5 in Shields
  9213 | D:8      | Killed a manticore
  9219 | D:8      | Killed a two-headed ogre
  9408 | D:8      | 9408 ||| PLANNING LAIR
  9408 | D:8      | 9408 ||| DROPPING orb of wrath.
  9409 | D:8      | 9409 ||| UPGRADING to +0 kite shield.
  9419 | D:8      | 9419 ||| DROPPING +0 buckler.
  9452 | Lair:1   | Entered Level 1 of the Lair of Beasts
  9464 | Lair:1   | Reached skill level 6 in Shields
  9467 | Lair:1   | Reached XP level 11. HP: 69/69 MP: 11/11
  9509 | Lair:1   | 9509 ||| INVOKING Berserk.
  9594 | Lair:1   | Identified the +11 trident of the Invisible Thickets
                  | {drain, rC++}
  9616 | Lair:1   | 9616 ||| INVOKING Berserk.
  9628 | Lair:1   | Reached skill level 7 in Shields
  9768 | Lair:1   | 9768 ||| INVOKING Berserk.
  9770 | Lair:1   | Reached skill level 8 in Shields
  9895 | Lair:1   | 9895 ||| Stepping ~*~*~tactically~*~*~ (stealth).
  9919 | Lair:1   | Reached skill level 9 in Shields
  9922 | Lair:1   | 9922 ||| INVOKING Berserk.
 10191 | Lair:1   | Found a runed translucent door.
 10194 | Lair:1   | Noticed qw's ghost (journeyman TrCA)
 10350 | Lair:1   | Noticed a death yak
 10350 | Lair:1   | Noticed a death yak
 10351 | Lair:1   | Noticed a death yak
 10351 | Lair:1   | Noticed a death yak
 10352 | Lair:1   | 10352 ||| Stepping ~*~*~tactically~*~*~ (stealth).
 10353 | Lair:1   | 10353 ||| INVOKING Berserk.
 10357 | Lair:1   | Noticed a death yak
 10358 | Lair:1   | Killed a death yak
 10365 | Lair:1   | Killed a death yak
 10366 | Lair:1   | Reached skill level 10 in Shields
 10367 | Lair:1   | Killed a death yak
 10368 | Lair:1   | Reached skill level 3 in Dodging
 10375 | Lair:1   | Killed a death yak
 10376 | Lair:1   | Reached skill level 9 in Fighting
 10378 | Lair:1   | Killed a death yak
 10572 | Lair:1   | 10572 ||| Stepping ~*~*~tactically~*~*~ (stealth).
 10575 | Lair:1   | 10575 ||| Stepping ~*~*~tactically~*~*~ (stealth).
 10580 | Lair:1   | 10580 ||| INVOKING Berserk.
 10760 | Lair:1   | Noticed a catoblepas
 10761 | Lair:1   | 10761 ||| Stepping ~*~*~tactically~*~*~ (hiding).
 10762 | Lair:1   | 10762 ||| Stepping ~*~*~tactically~*~*~ (hiding).
 10766 | Lair:1   | 10766 ||| INVOKING Berserk.
 10775 | Lair:1   | Killed a catoblepas
 10776 | Lair:1   | Reached XP level 12. HP: 76/76 MP: 12/12
 11007 | Lair:1   | Reached skill level 12 in Axes
 11547 | Lair:1   | 11547 ||| UPGRADING to +0 plate armour.
 11557 | Lair:1   | 11557 ||| DROPPING +0 chain mail.
 11558 | Lair:1   | 11558 ||| UPGRADING to +1 cloak.
 11568 | Lair:1   | 11568 ||| DROPPING +0 cloak.
 11569 | Lair:1   | 11569 ||| READING 5 scrolls of identify.
 11569 | Lair:1   | 11569 ||| IDENTIFYING sedimented cyan potion
 11570 | Lair:1   | 11570 ||| READING 4 scrolls of identify.
 11570 | Lair:1   | 11570 ||| IDENTIFYING murky dark potion
 11571 | Lair:1   | 11571 ||| DROPPING potion of degeneration.
 11572 | Lair:1   | 11572 ||| DROPPING potion of berserk rage.
 11597 | Lair:2   | 11597 ||| STAIRDANCE
 11638 | Lair:2   | 11638 ||| STAIRDANCE
 11691 | Lair:2   | 11691 ||| STAIRDANCE
 11819 | Lair:2   | Noticed a death yak
 11820 | Lair:2   | Noticed a death yak
 11820 | Lair:2   | 11820 ||| Stepping ~*~*~tactically~*~*~ (stealth).
 11821 | Lair:2   | Noticed a death yak
 11821 | Lair:2   | Noticed a death yak
 11822 | Lair:2   | Noticed a death yak
 11824 | Lair:2   | 11824 ||| INVOKING Berserk.
 11833 | Lair:2   | Killed a death yak
 11835 | Lair:2   | Killed a death yak
 11838 | Lair:2   | Killed a death yak
 11839 | Lair:2   | Reached skill level 9 in Armour
 11843 | Lair:2   | Killed a death yak
 11845 | Lair:2   | Killed a death yak
 12002 | Lair:2   | 12002 ||| INVOKING Berserk.
 12161 | Lair:2   | Noticed a four-headed hydra
 12162 | Lair:2   | 12162 ||| INVOKING Brothers in Arms.
 12163 | Lair:2   | 12163 ||| INVOKING Brothers in Arms.
 12164 | Lair:2   | 12164 ||| INVOKING Brothers in Arms.
 12165 | Lair:2   | 12165 ||| INVOKING Brothers in Arms.
 12166 | Lair:2   | 12166 ||| INVOKING Brothers in Arms.
 12167 | Lair:2   | 12167 ||| INVOKING Brothers in Arms.
 12168 | Lair:2   | 12168 ||| INVOKING Brothers in Arms.
 12169 | Lair:2   | 12169 ||| INVOKING Brothers in Arms.
 12170 | Lair:2   | 12170 ||| INVOKING Brothers in Arms.
 12171 | Lair:2   | 12171 ||| INVOKING Brothers in Arms.
 12172 | Lair:2   | 12172 ||| INVOKING Brothers in Arms.
 12173 | Lair:2   | 12173 ||| INVOKING Brothers in Arms.
 12173 | Lair:2   | Killed a four-headed hydra
 12197 | Lair:2   | 12197 ||| Stepping ~*~*~tactically~*~*~ (stealth).
 12213 | Lair:2   | 12213 ||| Stepping ~*~*~tactically~*~*~ (stealth).
 12274 | Lair:2   | 12274 ||| FLEEEEING.
 12275 | Lair:2   | 12275 ||| FLEEEEING.
 12276 | Lair:2   | 12276 ||| FLEEEEING.
 12277 | Lair:2   | 12277 ||| FLEEEEING.
 12279 | Lair:2   | 12279 ||| FLEEEEING.
 12280 | Lair:2   | 12280 ||| FLEEEEING.
 12290 | Lair:2   | 12290 ||| STAIRDANCE
 12371 | Lair:1   | 12371 ||| UPGRADING to +4 ring of protection.
 12433 | Lair:2   | Found a hole to the Spider Nest.
 12442 | Lair:2   | 12442 ||| Stepping ~*~*~tactically~*~*~ (stealth).
 12443 | Lair:2   | 12443 ||| Stepping ~*~*~tactically~*~*~ (stealth).
 12464 | Lair:2   | 12464 ||| FLEEEEING.
 12466 | Lair:2   | 12466 ||| FLEEEEING.
 12467 | Lair:2   | 12467 ||| FLEEEEING.
 12469 | Lair:2   | 12469 ||| FLEEEEING.
 12470 | Lair:2   | 12470 ||| FLEEEEING.
 12471 | Lair:2   | 12471 ||| FLEEEEING.
 12472 | Lair:2   | 12472 ||| FLEEEEING.
 12473 | Lair:2   | 12473 ||| FLEEEEING.
 12474 | Lair:2   | 12474 ||| STAIRDANCE
 12554 | Lair:2   | 12554 ||| STAIRDANCE
 12598 | Lair:2   | 12598 ||| STAIRDANCE
 12697 | Lair:2   | Found a staircase to the Swamp.
 12833 | Lair:2   | Reached skill level 11 in Shields
 12833 | Lair:2   | Reached XP level 13. HP: 76/82 MP: 13/13
 12866 | Lair:2   | Noticed Urug
 12871 | Lair:2   | 12871 ||| INVOKING Berserk.
 12874 | Lair:2   | Killed Urug
 13305 | Lair:2   | 13305 ||| READING 5 scrolls of identify.
 13305 | Lair:2   | 13305 ||| IDENTIFYING murky brown potion
 13306 | Lair:2   | 13306 ||| DROPPING potion of ambrosia.
 13325 | Lair:3   | 13325 ||| STAIRDANCE
 13330 | Lair:3   | 13330 ||| STAIRDANCE
 13337 | Lair:3   | 13337 ||| STAIRDANCE
 13585 | Lair:3   | 13585 ||| INVOKING Berserk.
 13706 | Lair:3   | 13706 ||| INVOKING Berserk.
 13989 | Lair:3   | 13989 ||| INVOKING Berserk.
 14004 | Lair:3   | HP: 11/82 [torpor snail (10)]
 14005 | Lair:3   | 14005 ||| READING 4 scrolls of teleportation.
 14006 | Lair:3   | 14006 ||| DRINKING potion of heal wounds.
 14301 | Lair:3   | 14301 ||| INVOKING Berserk.
 14434 | Lair:3   | 14434 ||| FLEEEEING.
 14435 | Lair:3   | 14435 ||| FLEEEEING.
 14436 | Lair:3   | 14436 ||| FLEEEEING.
 14437 | Lair:3   | 14437 ||| STAIRDANCE
 14439 | Lair:2   | 14439 ||| READING scroll labelled DUPHIU COKLYUD.
 14440 | Lair:2   | 14440 ||| READING scroll labelled GAATUX NAFOUTSY.
 14441 | Lair:2   | 14441 ||| DROPPING +1 hand axe of flaming.
 14444 | Lair:3   | 14444 ||| INVOKING Berserk.
 14449 | Lair:3   | 14449 ||| STAIRDANCE
 14801 | Lair:4   | 14801 ||| INVOKING Berserk.
 14968 | Lair:4   | 14968 ||| INVOKING Berserk.
 15108 | Lair:4   | 15108 ||| SWAPPING to +1 vorpal broad axe.
 15139 | Lair:4   | 15139 ||| Stepping ~*~*~tactically~*~*~ (stealth).
 15233 | Lair:4   | 15233 ||| INVOKING Brothers in Arms.
 15234 | Lair:4   | 15234 ||| INVOKING Brothers in Arms.
 15236 | Lair:4   | 15236 ||| SWAPPING to +0 war axe of flaming.
 15239 | Lair:4   | 15239 ||| INVOKING Berserk.
 15248 | Lair:4   | 15248 ||| SWAPPING to +1 vorpal broad axe.
 15436 | Lair:4   | Found an opulent altar of Gozag.
 15753 | Lair:4   | 15753 ||| READING scroll labelled CETWUN GYIRUZ.
 15754 | Lair:4   | 15754 ||| READING scroll labelled ZUWAST LUDGHUVU.
 15847 | Lair:5   | Entered Level 5 of the Lair of Beasts
 15848 | Lair:5   | 15848 ||| STAIRDANCE
 15850 | Lair:4   | 15850 ||| INVOKING Berserk.
 15961 | Lair:5   | 15961 ||| STAIRDANCE
 15969 | Lair:5   | 15969 ||| STAIRDANCE
 15973 | Lair:4   | Reached skill level 12 in Shields
 16065 | Lair:5   | 16065 ||| STAIRDANCE
 16102 | Lair:5   | 16102 ||| Stepping ~*~*~tactically~*~*~ (stealth).
 16103 | Lair:5   | 16103 ||| Stepping ~*~*~tactically~*~*~ (stealth).
 16106 | Lair:5   | 16106 ||| INVOKING Berserk.
 16276 | Lair:5   | 16276 ||| INVOKING Berserk.
 16430 | Lair:5   | 16430 ||| INVOKING Brothers in Arms.
 16431 | Lair:5   | 16431 ||| INVOKING Brothers in Arms.
 16432 | Lair:5   | 16432 ||| INVOKING Brothers in Arms.
 16433 | Lair:5   | 16433 ||| INVOKING Brothers in Arms.
 16434 | Lair:5   | 16434 ||| SWAPPING to +0 war axe of flaming.
 16435 | Lair:5   | 16435 ||| INVOKING Berserk.
 16497 | Lair:5   | 16497 ||| SWAPPING to +1 vorpal broad axe.
 16565 | Lair:5   | 16565 ||| FLEEEEING.
 16662 | Lair:5   | 16662 ||| Stepping ~*~*~tactically~*~*~ (stealth).
 16663 | Lair:5   | 16663 ||| Stepping ~*~*~tactically~*~*~ (stealth).
 16664 | Lair:5   | 16664 ||| INVOKING Berserk.
 16673 | Lair:5   | Gained mutation: Your large and strong wings let you fly.
                  | [Gargoyle growth]
 16673 | Lair:5   | Reached XP level 14. HP: 90/90 MP: 14/14
 16680 | Lair:5   | Reached skill level 15 in Axes
 16702 | Lair:5   | 16702 ||| Stepping ~*~*~tactically~*~*~ (stealth).
 16703 | Lair:5   | 16703 ||| Stepping ~*~*~tactically~*~*~ (stealth).
 16704 | Lair:5   | 16704 ||| Stepping ~*~*~tactically~*~*~ (stealth).
 16882 | Lair:5   | 16882 ||| Stepping ~*~*~tactically~*~*~ (hiding).
 17058 | Lair:5   | 17058 ||| FLEEEEING.
 17106 | Lair:5   | 17106 ||| FLEEEEING.
 17152 | Lair:5   | 17152 ||| FLEEEEING.
 17159 | Lair:5   | 17159 ||| FLEEEEING.
 17160 | Lair:5   | 17160 ||| FLEEEEING.
 17161 | Lair:5   | 17161 ||| FLEEEEING.
 17162 | Lair:5   | 17162 ||| FLEEEEING.
 17163 | Lair:5   | 17163 ||| FLEEEEING.
 17164 | Lair:5   | 17164 ||| FLEEEEING.
 17165 | Lair:5   | 17165 ||| FLEEEEING.
 17178 | Lair:5   | 17178 ||| FLEEEEING.
 17179 | Lair:5   | 17179 ||| FLEEEEING.
 17180 | Lair:5   | 17180 ||| FLEEEEING.
 17181 | Lair:5   | 17181 ||| FLEEEEING.
 17182 | Lair:5   | 17182 ||| STAIRDANCE
 17222 | Lair:5   | 17222 ||| STAIRDANCE
 17470 | Lair:5   | 17470 ||| INVOKING Berserk.
 17544 | Lair:5   | 17544 ||| Stepping ~*~*~tactically~*~*~ (stealth).
 17545 | Lair:5   | 17545 ||| Stepping ~*~*~tactically~*~*~ (stealth).
 17555 | Lair:5   | 17555 ||| Stepping ~*~*~tactically~*~*~ (stealth).
 17579 | Lair:5   | 17579 ||| Stepping ~*~*~tactically~*~*~ (stealth).
 17580 | Lair:5   | 17580 ||| Stepping ~*~*~tactically~*~*~ (stealth).
 17581 | Lair:5   | 17581 ||| Stepping ~*~*~tactically~*~*~ (stealth).
 17583 | Lair:5   | 17583 ||| Stepping ~*~*~tactically~*~*~ (stealth).
 17589 | Lair:5   | 17589 ||| INVOKING Berserk.
 17678 | Lair:5   | 17678 ||| Stepping ~*~*~tactically~*~*~ (hiding).
 17680 | Lair:5   | 17680 ||| INVOKING Berserk.
 17707 | Lair:5   | 17707 ||| Stepping ~*~*~tactically~*~*~ (stealth).
 17853 | Lair:5   | 17853 ||| Stepping ~*~*~tactically~*~*~ (stealth).
 17861 | Lair:5   | 17861 ||| Stepping ~*~*~tactically~*~*~ (stealth).
 17868 | Lair:5   | 17868 ||| FLEEEEING.
 17869 | Lair:5   | 17869 ||| FLEEEEING.
 17870 | Lair:5   | 17870 ||| FLEEEEING.
 17896 | Lair:5   | 17896 ||| FLEEEEING.
 18057 | Lair:5   | Reached ***** piety under Trog
 18080 | Lair:5   | 18080 ||| Stepping ~*~*~tactically~*~*~ (hiding).
 18085 | Lair:5   | Reached skill level 12 in Fighting
 18110 | Lair:5   | 18110 ||| INVOKING Brothers in Arms.
 18113 | Lair:5   | 18113 ||| SWAPPING to +0 war axe of flaming.
 18114 | Lair:5   | 18114 ||| INVOKING Berserk.
 18124 | Lair:5   | 18124 ||| SWAPPING to +1 vorpal broad axe.
 18319 | Lair:5   | 18319 ||| Stepping ~*~*~tactically~*~*~ (stealth).
 18400 | Lair:5   | Found a viscous altar of Jiyva.
 18400 | Lair:5   | Found a staircase to the Slime Pits.
 18406 | Lair:5   | 18406 ||| INVOKING Berserk.
 18846 | Lair:5   | 18846 ||| PLANNING D:1-11
 18959 | D:9      | 18959 ||| Stepping ~*~*~tactically~*~*~ (hiding).
 19153 | D:9      | 19153 ||| Stepping ~*~*~tactically~*~*~ (hiding).
 19154 | D:9      | 19154 ||| Stepping ~*~*~tactically~*~*~ (hiding).
 19486 | D:9      | Noticed Prince Ribbit
 19492 | D:9      | Killed Prince Ribbit
 19749 | D:10     | Entered Level 10 of the Dungeon
 20010 | D:10     | 20010 ||| Stepping ~*~*~tactically~*~*~ (stealth).
 20015 | D:10     | 20015 ||| Stepping ~*~*~tactically~*~*~ (stealth).
 20019 | D:10     | 20019 ||| Stepping ~*~*~tactically~*~*~ (stealth).
 20035 | D:10     | 20035 ||| Stepping ~*~*~tactically~*~*~ (stealth).
 20062 | D:10     | Found a staircase to the Orcish Mines.
 20244 | D:10     | 20244 ||| Stepping ~*~*~tactically~*~*~ (stealth).
 20516 | D:10     | 20516 ||| READING scroll labelled DOX YK UNUXO.
 20517 | D:10     | 20517 ||| READING scroll labelled UVUGAYZEVU.
 20543 | D:11     | 20543 ||| INVOKING Brothers in Arms.
 20544 | D:11     | 20544 ||| INVOKING Berserk.
 21437 | D:11     | Found a shimmering blue altar of Sif Muna.
 21438 | D:11     | 21438 ||| READING 4 scrolls of teleportation.
 21439 | D:11     | 21439 ||| PLANNING D
 21689 | D:12     | Identified the +6 short sword "Himibb" {protect, Drain
                  | +Blink MP+9 SInv}
 21703 | D:12     | 21703 ||| INVOKING Brothers in Arms.
 21706 | D:12     | 21706 ||| INVOKING Berserk.
 21863 | D:12     | Reached XP level 15. HP: 91/96 MP: 15/15
 22063 | D:12     | 22063 ||| Stepping ~*~*~tactically~*~*~ (hiding).
 22065 | D:12     | 22065 ||| Stepping ~*~*~tactically~*~*~ (hiding).
 22251 | D:12     | Reached skill level 13 in Shields
 22321 | D:12     | 22321 ||| Stepping ~*~*~tactically~*~*~ (hiding).
 22488 | D:12     | 22488 ||| Stepping ~*~*~tactically~*~*~ (hiding).
 23237 | D:12     | 23237 ||| DROPPING ring of willpower.
 23238 | D:12     | 23238 ||| READING scroll labelled QAONENY GIUNN.
 23293 | D:12     | 23293 ||| READING 4 scrolls of teleportation.
 23294 | D:12     | 23294 ||| STAIRDANCE
 23428 | D:12     | Noticed a tengu reaver
 23429 | D:12     | 23429 ||| INVOKING Trog's Hand.
 23430 | D:12     | 23430 ||| INVOKING Berserk.
 23448 | D:12     | Killed a tengu reaver
 23450 | D:12     | Reached skill level 12 in Armour
 23618 | D:12     | 23618 ||| READING 3 scrolls of teleportation.
 23644 | D:13     | 23644 ||| SWAPPING to +0 war axe of flaming.
 23650 | D:13     | 23650 ||| SWAPPING to +2 vorpal broad axe.
 23684 | D:13     | 23684 ||| SWAPPING to +0 war axe of flaming.
 23692 | D:13     | 23692 ||| SWAPPING to +2 vorpal broad axe.
 23811 | D:13     | 23811 ||| Stepping ~*~*~tactically~*~*~ (hiding).
 23812 | D:13     | 23812 ||| Stepping ~*~*~tactically~*~*~ (hiding).
 23852 | D:13     | Noticed a tengu reaver
 23852 | D:13     | Noticed Ined's ghost (journeyman MiBe)
 23853 | D:13     | Found a transporter.
 23869 | D:13     | Found a transporter.
 23879 | D:13     | 23879 ||| READING 2 scrolls of teleportation.
 23943 | D:13     | 23943 ||| Stepping ~*~*~tactically~*~*~ (hiding).
 23945 | D:13     | 23945 ||| Stepping ~*~*~tactically~*~*~ (hiding).
 23952 | D:13     | 23952 ||| FLEEEEING.
 23953 | D:13     | 23953 ||| FLEEEEING.
 23954 | D:13     | 23954 ||| FLEEEEING.
 23955 | D:13     | 23955 ||| FLEEEEING.
 23956 | D:13     | 23956 ||| FLEEEEING.
 23957 | D:13     | 23957 ||| FLEEEEING.
 23958 | D:13     | 23958 ||| FLEEEEING.
 23959 | D:13     | 23959 ||| FLEEEEING.
 23960 | D:13     | 23960 ||| FLEEEEING.
 23961 | D:13     | 23961 ||| FLEEEEING.
 23962 | D:13     | 23962 ||| FLEEEEING.
 23963 | D:13     | 23963 ||| FLEEEEING.
 23964 | D:13     | 23964 ||| FLEEEEING.
 23965 | D:13     | 23965 ||| FLEEEEING.
 23966 | D:13     | 23966 ||| FLEEEEING.
 23967 | D:13     | 23967 ||| STAIRDANCE
 24076 | D:13     | 24076 ||| INVOKING Brothers in Arms.
 24078 | D:13     | 24078 ||| SWAPPING to +0 war axe of flaming.
 24084 | D:13     | 24084 ||| SWAPPING to +2 vorpal broad axe.
 24118 | D:13     | Noticed Rupert
 24119 | D:13     | 24119 ||| INVOKING Trog's Hand.
 24123 | D:13     | 24123 ||| INVOKING Berserk.
 24132 | D:13     | Killed Rupert
 24299 | D:14     | 24299 ||| Stepping ~*~*~tactically~*~*~ (stealth).
 24422 | D:14     | 24422 ||| Stepping ~*~*~tactically~*~*~ (hiding).
 24423 | D:14     | 24423 ||| Stepping ~*~*~tactically~*~*~ (hiding).
 24426 | D:14     | 24426 ||| INVOKING Trog's Hand.
 24427 | D:14     | 24427 ||| INVOKING Berserk.
 24453 | D:14     | HP: 20/97 [centaur warrior/arrow (12)]
 24454 | D:14     | 24454 ||| READING scroll of teleportation.
 24455 | D:14     | 24455 ||| DRINKING potion of heal wounds.
 24673 | D:14     | 24673 ||| Stepping ~*~*~tactically~*~*~ (hiding).
 24676 | D:14     | 24676 ||| INVOKING Berserk.
 24810 | D:14     | Found a gate to the Vaults.
 24872 | D:14     | 24872 ||| Stepping ~*~*~tactically~*~*~ (stealth).
 24876 | D:14     | 24876 ||| Stepping ~*~*~tactically~*~*~ (stealth).
 24877 | D:14     | 24877 ||| Stepping ~*~*~tactically~*~*~ (stealth).
 24932 | D:14     | 24932 ||| INVOKING Berserk.
 25048 | D:14     | 25048 ||| Stepping ~*~*~tactically~*~*~ (hiding).
 25050 | D:14     | 25050 ||| INVOKING Berserk.
 25248 | D:14     | Identified the +2 flail of Ashenzari's Favour {pain, Str+6}
 25362 | D:14     | Found a portal to a secret trove of treasure.
 25688 | D:14     | 25688 ||| Stepping ~*~*~tactically~*~*~ (hiding).
 25690 | D:14     | 25690 ||| INVOKING Trog's Hand.
 25816 | D:15     | Entered Level 15 of the Dungeon
 25820 | D:15     | 25820 ||| STAIRDANCE
 25883 | D:15     | 25883 ||| STAIRDANCE
 25929 | D:15     | 25929 ||| STAIRDANCE
 26001 | D:15     | 26001 ||| STAIRDANCE
 26124 | D:15     | Found a staircase to the Depths.
 26128 | D:15     | 26128 ||| INVOKING Berserk.
 26189 | D:15     | 26189 ||| Stepping ~*~*~tactically~*~*~ (hiding).
 26190 | D:15     | 26190 ||| Stepping ~*~*~tactically~*~*~ (hiding).
 26191 | D:15     | 26191 ||| Stepping ~*~*~tactically~*~*~ (hiding).
 26193 | D:15     | 26193 ||| Stepping ~*~*~tactically~*~*~ (hiding).
 26194 | D:15     | 26194 ||| Stepping ~*~*~tactically~*~*~ (hiding).
 26308 | D:15     | Identified a scroll of acquirement
 26309 | D:15     | Noticed Agnes
 26312 | D:15     | 26312 ||| INVOKING Berserk.
 26323 | D:15     | Killed Agnes
 26385 | D:15     | 26385 ||| READING scroll of acquirement.
 26385 | D:15     | 26385 ||| ACQUIRING 882 gold pieces
 26385 | D:15     | Acquired 882 gold pieces
 26405 | D:15     | Noticed Jussuw Iff's ghost (adept KoGl)
 26661 | D:15     | Found a transporter.
 26663 | D:15     | Found a transporter.
 26730 | D:15     | Noticed Louise
 26731 | D:15     | 26731 ||| Stepping ~*~*~tactically~*~*~ (hiding).
 26733 | D:15     | 26733 ||| INVOKING Trog's Hand.
 26735 | D:15     | 26735 ||| INVOKING Berserk.
 26751 | D:15     | Killed Louise
 26883 | D:15     | Reached XP level 16. HP: 104/104 MP: 16/16
 27029 | D:15     | 27029 ||| Stepping ~*~*~tactically~*~*~ (cloud).
 27033 | D:15     | 27033 ||| Stepping ~*~*~tactically~*~*~ (cloud).
 27035 | D:15     | 27035 ||| INVOKING Berserk.
 27447 | D:15     | 27447 ||| SWAPPING to +0 war axe of flaming.
 27451 | D:15     | 27451 ||| SWAPPING to +2 vorpal broad axe.
 27773 | D:15     | 27773 ||| PLANNING ORC
 27773 | D:15     | 27773 ||| UPGRADING to +2 plate armour of poison
                  | resistance.
 27783 | D:15     | 27783 ||| DROPPING +0 plate armour.
 27784 | D:15     | 27784 ||| UPGRADING to +0 tower shield.
 27794 | D:15     | 27794 ||| DROPPING +0 kite shield.
 27795 | D:15     | 27795 ||| UPGRADING to +2 helmet.
 27848 | D:12     | 27848 ||| Stepping ~*~*~tactically~*~*~ (stealth).
 27925 | Orc:1    | Entered Level 1 of the Orcish Mines
 27950 | Orc:1    | 27950 ||| Stepping ~*~*~tactically~*~*~ (hiding).
 27952 | Orc:1    | 27952 ||| Stepping ~*~*~tactically~*~*~ (hiding).
 27954 | Orc:1    | 27954 ||| INVOKING Trog's Hand.
 27955 | Orc:1    | 27955 ||| INVOKING Berserk.
 28162 | Orc:1    | 28162 ||| INVOKING Berserk.
 28190 | Orc:1    | 28190 ||| Stepping ~*~*~tactically~*~*~ (hiding).
 28352 | Orc:1    | Found Ihoxt's Assorted Antiques.
 28361 | Orc:1    | 28361 ||| BUYING potion of curing (84 gold).
 28361 | Orc:1    | Bought a potion of curing for 84 gold pieces
 28361 | Orc:1    | 28361 ||| BUYING scroll of teleportation (84 gold).
 28361 | Orc:1    | Bought a scroll of teleportation for 84 gold pieces
 28449 | Orc:2    | Entered Level 2 of the Orcish Mines
 28449 | Orc:2    | Found Xovat's Jewellery Boutique.
 28490 | Orc:2    | 28490 ||| INVOKING Berserk.
 28513 | Orc:2    | 28513 ||| INVOKING Trog's Hand.
 28534 | Orc:2    | 28534 ||| FLEEEEING.
 28535 | Orc:2    | 28535 ||| STAIRDANCE
 28619 | Orc:2    | Found a staircase to the Elven Halls.
 28620 | Orc:2    | 28620 ||| Stepping ~*~*~tactically~*~*~ (stealth).
 28621 | Orc:2    | 28621 ||| Stepping ~*~*~tactically~*~*~ (stealth).
 28623 | Orc:2    | 28623 ||| Stepping ~*~*~tactically~*~*~ (hiding).
 28630 | Orc:2    | 28630 ||| Stepping ~*~*~tactically~*~*~ (hiding).
 28631 | Orc:2    | 28631 ||| Stepping ~*~*~tactically~*~*~ (hiding).
 28633 | Orc:2    | 28633 ||| Stepping ~*~*~tactically~*~*~ (hiding).
 28794 | Orc:2    | 28794 ||| Stepping ~*~*~tactically~*~*~ (hiding).
 28821 | Orc:2    | Reached skill level 14 in Shields
 28833 | Orc:2    | 28833 ||| Stepping ~*~*~tactically~*~*~ (stealth).
 28835 | Orc:2    | 28835 ||| Stepping ~*~*~tactically~*~*~ (stealth).
 28922 | Orc:2    | Received a gift from Trog
 28936 | Orc:2    | 28936 ||| SWAPPING to +3 antimagic broad axe.
 28937 | Orc:2    | 28937 ||| DROPPING +2 vorpal broad axe.
 29013 | Orc:2    | 29013 ||| DROPPING +0 war axe of flaming.
 29134 | Orc:2    | 29134 ||| BUYING +4 ring of evasion (540 gold).
 29134 | Orc:2    | Bought a +4 ring of evasion for 540 gold pieces
 29134 | Orc:2    | 29134 ||| BUYING amulet of guardian spirit (450 gold).
 29134 | Orc:2    | Bought an amulet of guardian spirit for 450 gold pieces
 29134 | Orc:2    | 29134 ||| BUYING ring of fire (375 gold).
 29134 | Orc:2    | Bought a ring of fire for 375 gold pieces
 29137 | Orc:2    | 29137 ||| Stepping ~*~*~tactically~*~*~ (hiding).
 29170 | Orc:2    | 29170 ||| Stepping ~*~*~tactically~*~*~ (stealth).
 29248 | Orc:2    | 29248 ||| Stepping ~*~*~tactically~*~*~ (hiding).
 29253 | Orc:2    | 29253 ||| INVOKING Berserk.
 29372 | Orc:2    | Found Amnuigaid's Magic Scroll Shop.
 29457 | Orc:2    | 29457 ||| Stepping ~*~*~tactically~*~*~ (hiding).
 29483 | Orc:2    | 29483 ||| FLEEEEING.
 29484 | Orc:2    | 29484 ||| FLEEEEING.
 29487 | Orc:2    | 29487 ||| FLEEEEING.
 29488 | Orc:2    | 29488 ||| FLEEEEING.
 29489 | Orc:2    | 29489 ||| FLEEEEING.
 29490 | Orc:2    | 29490 ||| FLEEEEING.
 29491 | Orc:2    | 29491 ||| FLEEEEING.
 29492 | Orc:2    | 29492 ||| FLEEEEING.
 29493 | Orc:2    | 29493 ||| FLEEEEING.
 29494 | Orc:2    | 29494 ||| FLEEEEING.
 29499 | Orc:2    | 29499 ||| STAIRDANCE
 29541 | Orc:1    | 29541 ||| UPGRADING to amulet of guardian spirit.
 29546 | Orc:1    | 29546 ||| DROPPING +6 ring of strength.
 29566 | Orc:2    | 29566 ||| FLEEEEING.
 29567 | Orc:2    | 29567 ||| FLEEEEING.
 29568 | Orc:2    | 29568 ||| FLEEEEING.
 29569 | Orc:2    | 29569 ||| FLEEEEING.
 29570 | Orc:2    | 29570 ||| FLEEEEING.
 29571 | Orc:2    | 29571 ||| FLEEEEING.
 29572 | Orc:2    | 29572 ||| FLEEEEING.
 29573 | Orc:2    | 29573 ||| FLEEEEING.
 29574 | Orc:2    | 29574 ||| Stepping ~*~*~tactically~*~*~ (hiding).
 29619 | Orc:2    | 29619 ||| INVOKING Brothers in Arms.
 29620 | Orc:2    | 29620 ||| INVOKING Brothers in Arms.
 29628 | Orc:2    | 29628 ||| INVOKING Berserk.
 29696 | Orc:2    | 29696 ||| FLEEEEING.
 29711 | Orc:2    | 29711 ||| FLEEEEING.
 29717 | Orc:2    | 29717 ||| STAIRDANCE
 29928 | Orc:2    | 29928 ||| Stepping ~*~*~tactically~*~*~ (stealth).
 29930 | Orc:2    | 29930 ||| Stepping ~*~*~tactically~*~*~ (hiding).
 29975 | Orc:2    | 29975 ||| Stepping ~*~*~tactically~*~*~ (stealth).
 29995 | Orc:2    | Received a gift from Trog
 30077 | Orc:2    | Found Surgh's Antique Weapon Shoppe.
 30079 | Orc:2    | Found Ibah's Antique Armour Emporium.
 30092 | Orc:2    | 30092 ||| BUYING pair of shimmering boots (237 gold).
 30092 | Orc:2    | Bought a pair of shimmering boots for 237 gold pieces
 30092 | Orc:2    | Identified the +0 pair of boots of the Shrike {rPois rN+}
                  | (You bought it in a shop on level 2 of the Orcish Mines)
 30168 | Orc:2    | Found Tiatoech's Book Boutique.
 30241 | Orc:2    | 30241 ||| PLANNING SWAMP:1-3
 30241 | Orc:2    | 30241 ||| DROPPING +0 pair of boots of the Shrike {rPois
                  | rN+}.
 30378 | Swamp:1  | Entered Level 1 of the Swamp
 30390 | Swamp:1  | 30390 ||| INVOKING Berserk.
 30424 | Swamp:1  | 30424 ||| INVOKING Brothers in Arms.
 30429 | Swamp:1  | Reached skill level 15 in Shields
 30594 | Swamp:1  | 30594 ||| INVOKING Berserk.
 30709 | Swamp:1  | 30709 ||| Stepping ~*~*~tactically~*~*~ (cloud).
 30928 | Swamp:1  | 30928 ||| INVOKING Berserk.
 31103 | Swamp:1  | 31103 ||| Stepping ~*~*~tactically~*~*~ (hiding).
 31106 | Swamp:1  | 31106 ||| INVOKING Berserk.
 31544 | Swamp:2  | 31544 ||| INVOKING Berserk.
 31556 | Swamp:2  | 31556 ||| Stepping ~*~*~tactically~*~*~ (hiding).
 31557 | Swamp:2  | 31557 ||| INVOKING Brothers in Arms.
 31566 | Swamp:2  | HP: 15/104 [spore (24)]
 31567 | Swamp:2  | 31567 ||| READING scroll of teleportation.
 31569 | Swamp:2  | 31569 ||| Stepping ~*~*~tactically~*~*~ (cloud).
 31923 | Swamp:2  | 31923 ||| READING scroll of enchant weapon.
 31923 | Swamp:2  | 31923 ||| ENCHANTING +3 antimagic broad axe.
 32009 | Swamp:2  | 32009 ||| Stepping ~*~*~tactically~*~*~ (stealth).
 32168 | Swamp:2  | 32168 ||| Stepping ~*~*~tactically~*~*~ (hiding).
 32204 | Swamp:2  | Reached skill level 16 in Shields
 32515 | Swamp:2  | 32515 ||| READING 14 scrolls of identify.
 32515 | Swamp:2  | 32515 ||| IDENTIFYING ruby potion
 32535 | Swamp:3  | 32535 ||| STAIRDANCE
 32571 | Swamp:3  | 32571 ||| Stepping ~*~*~tactically~*~*~ (stealth).
 32766 | Swamp:3  | 32766 ||| FLEEEEING.
 32767 | Swamp:3  | 32767 ||| FLEEEEING.
 32768 | Swamp:3  | 32768 ||| FLEEEEING.
 32818 | Swamp:3  | 32818 ||| INVOKING Berserk.
 32830 | Swamp:3  | 32830 ||| Stepping ~*~*~tactically~*~*~ (hiding).
 32959 | Swamp:3  | 32959 ||| Stepping ~*~*~tactically~*~*~ (hiding).
 33304 | Swamp:3  | 33304 ||| PLANNING SPIDER:1-3
 33304 | Swamp:3  | 33304 ||| DROPPING ring of protection from cold.
 33391 | Spider:1 | Entered Level 1 of the Spider Nest
 33543 | Spider:1 | 33543 ||| Stepping ~*~*~tactically~*~*~ (stealth).
 33545 | Spider:1 | 33545 ||| Stepping ~*~*~tactically~*~*~ (hiding).
 33556 | Spider:1 | Reached skill level 17 in Shields
 33604 | Spider:1 | 33604 ||| Stepping ~*~*~tactically~*~*~ (stealth).
 33695 | Spider:1 | 33695 ||| INVOKING Brothers in Arms.
 33703 | Spider:1 | 33703 ||| INVOKING Berserk.
 33717 | Spider:1 | Reached XP level 17. HP: 108/108 MP: 4/17
 33806 | Spider:1 | 33806 ||| Stepping ~*~*~tactically~*~*~ (stealth).
 33813 | Spider:1 | 33813 ||| Stepping ~*~*~tactically~*~*~ (stealth).
 33818 | Spider:1 | 33818 ||| DRINKING 13 potions of curing.
 33818 | Spider:1 | 33818 ||| (to cure confusion)
 33847 | Spider:1 | 33847 ||| Stepping ~*~*~tactically~*~*~ (hiding).
 33851 | Spider:1 | 33851 ||| INVOKING Brothers in Arms.
 33986 | Spider:1 | 33986 ||| Stepping ~*~*~tactically~*~*~ (stealth).
 33988 | Spider:1 | 33988 ||| Stepping ~*~*~tactically~*~*~ (hiding).
 33989 | Spider:1 | 33989 ||| DRINKING 12 potions of curing.
 33989 | Spider:1 | 33989 ||| (to cure confusion)
 34070 | Spider:1 | 34070 ||| Stepping ~*~*~tactically~*~*~ (stealth).
 34145 | Spider:1 | 34145 ||| Stepping ~*~*~tactically~*~*~ (stealth).
 34171 | Spider:1 | 34171 ||| READING scroll of enchant armour.
 34171 | Spider:1 | 34171 ||| ENCHANTING +0 pair of gloves.
 34180 | Spider:1 | 34180 ||| READING scroll of enchant weapon.
 34180 | Spider:1 | 34180 ||| ENCHANTING +4 antimagic broad axe.
 34427 | Spider:1 | 34427 ||| Stepping ~*~*~tactically~*~*~ (hiding).
 34498 | Spider:2 | 34498 ||| STAIRDANCE
 34503 | Spider:2 | 34503 ||| STAIRDANCE
 34637 | Spider:2 | 34637 ||| STAIRDANCE
 34639 | Spider:1 | 34639 ||| INVOKING Berserk.
 34834 | Spider:2 | 34834 ||| STAIRDANCE
 34838 | Spider:1 | 34838 ||| INVOKING Berserk.
 34840 | Spider:1 | Reached skill level 18 in Axes
 34848 | Spider:1 | HP: 39/162 [redback simulacrum (12)]
 35135 | Spider:2 | 35135 ||| STAIRDANCE
 35137 | Spider:1 | 35137 ||| INVOKING Brothers in Arms.
 35138 | Spider:1 | 35138 ||| INVOKING Berserk.
 35325 | Spider:2 | 35325 ||| STAIRDANCE
 35327 | Spider:1 | 35327 ||| INVOKING Berserk.
 35451 | Spider:2 | 35451 ||| STAIRDANCE
 35525 | Spider:2 | 35525 ||| STAIRDANCE
 35531 | Spider:2 | 35531 ||| STAIRDANCE
 35533 | Spider:1 | 35533 ||| INVOKING Brothers in Arms.
 35639 | Spider:2 | 35639 ||| STAIRDANCE
 35668 | Spider:2 | 35668 ||| STAIRDANCE
 35675 | Spider:2 | 35675 ||| INVOKING Brothers in Arms.
 35766 | Spider:2 | 35766 ||| READING scroll of enchant weapon.
 35766 | Spider:2 | 35766 ||| ENCHANTING +5 antimagic broad axe.
 35777 | Spider:2 | 35777 ||| READING scroll of brand weapon.
 35777 | Spider:2 | 35777 ||| BRANDING +6 antimagic broad axe.
 35870 | Spider:2 | Identified the +12 sling of Terrible Guile {speed, rF+ rN+
                  | Int-2}
 36243 | Spider:2 | 36243 ||| UPGRADING to +2 helmet of see invisible.
 36253 | Spider:2 | 36253 ||| DROPPING +2 helmet.
 36298 | Spider:3 | 36298 ||| INVOKING Berserk.
 36310 | Spider:3 | 36310 ||| INVOKING Brothers in Arms.
 36311 | Spider:3 | 36311 ||| Stepping ~*~*~tactically~*~*~ (hiding).
 36312 | Spider:3 | 36312 ||| FLEEEEING.
 36313 | Spider:3 | 36313 ||| INVOKING Brothers in Arms.
 36314 | Spider:3 | 36314 ||| INVOKING Brothers in Arms.
 36315 | Spider:3 | 36315 ||| INVOKING Brothers in Arms.
 36319 | Spider:3 | Reached skill level 18 in Shields
 36396 | Spider:3 | 36396 ||| Stepping ~*~*~tactically~*~*~ (stealth).
 36399 | Spider:3 | 36399 ||| INVOKING Brothers in Arms.
 36400 | Spider:3 | 36400 ||| INVOKING Brothers in Arms.
 36407 | Spider:3 | 36407 ||| DRINKING 13 potions of curing.
 36407 | Spider:3 | 36407 ||| (to cure confusion)
 36547 | Spider:3 | Identified the +4 plate armour "Imeoj" {Stlth+}
 36684 | Spider:3 | 36684 ||| Stepping ~*~*~tactically~*~*~ (stealth).
 36685 | Spider:3 | 36685 ||| Stepping ~*~*~tactically~*~*~ (stealth).
 36686 | Spider:3 | 36686 ||| Stepping ~*~*~tactically~*~*~ (stealth).
 36742 | Spider:3 | 36742 ||| Stepping ~*~*~tactically~*~*~ (stealth).
 36743 | Spider:3 | 36743 ||| Stepping ~*~*~tactically~*~*~ (hiding).
 36744 | Spider:3 | 36744 ||| INVOKING Brothers in Arms.
 36873 | Spider:3 | 36873 ||| PLANNING SWAMP:4
 36873 | Spider:3 | 36873 ||| UPGRADING to +4 plate armour "Imeoj" {Stlth+}.
 36883 | Spider:3 | 36883 ||| DROPPING +2 plate armour of poison resistance.
 36990 | Swamp:4  | Entered Level 4 of the Swamp
 36991 | Swamp:4  | 36991 ||| Stepping ~*~*~tactically~*~*~ (hiding).
 36998 | Swamp:4  | 36998 ||| STAIRDANCE
 37022 | Swamp:4  | 37022 ||| Stepping ~*~*~tactically~*~*~ (cloud).
 37115 | Swamp:4  | 37115 ||| READING scroll of enchant armour.
 37115 | Swamp:4  | 37115 ||| ENCHANTING +1 pair of gloves.
 37150 | Swamp:4  | 37150 ||| Stepping ~*~*~tactically~*~*~ (stealth).
 37187 | Swamp:4  | 37187 ||| Stepping ~*~*~tactically~*~*~ (stealth).
 37188 | Swamp:4  | 37188 ||| Stepping ~*~*~tactically~*~*~ (stealth).
 37213 | Swamp:4  | 37213 ||| INVOKING Berserk.
 37243 | Swamp:4  | 37243 ||| SWAPPING to +1 war axe of flaming.
 37247 | Swamp:4  | 37247 ||| SWAPPING to +6 vampiric broad axe.
 37280 | Swamp:4  | 37280 ||| SWAPPING to +1 war axe of flaming.
 37285 | Swamp:4  | 37285 ||| SWAPPING to +6 vampiric broad axe.
 37312 | Swamp:4  | 37312 ||| Stepping ~*~*~tactically~*~*~ (stealth).
 37314 | Swamp:4  | 37314 ||| Stepping ~*~*~tactically~*~*~ (hiding).
 37425 | Swamp:4  | 37425 ||| Stepping ~*~*~tactically~*~*~ (hiding).
 37427 | Swamp:4  | 37427 ||| Stepping ~*~*~tactically~*~*~ (hiding).
 37575 | Swamp:4  | 37575 ||| Stepping ~*~*~tactically~*~*~ (hiding).
 37580 | Swamp:4  | 37580 ||| SWAPPING to +1 war axe of flaming.
 37592 | Swamp:4  | Reached skill level 15 in Fighting
 37592 | Swamp:4  | Reached XP level 18. HP: 92/119 MP: 15/18
 37592 | Swamp:4  | 37592 ||| SWAPPING to +6 vampiric broad axe.
 37593 | Swamp:4  | 37593 ||| INVOKING Berserk.
 37616 | Swamp:4  | 37616 ||| INVOKING Brothers in Arms.
 37617 | Swamp:4  | 37617 ||| INVOKING Brothers in Arms.
 37645 | Swamp:4  | 37645 ||| Stepping ~*~*~tactically~*~*~ (stealth).
 37650 | Swamp:4  | 37650 ||| INVOKING Berserk.
 37667 | Swamp:4  | 37667 ||| Stepping ~*~*~tactically~*~*~ (stealth).
 37669 | Swamp:4  | 37669 ||| Stepping ~*~*~tactically~*~*~ (stealth).
 37672 | Swamp:4  | 37672 ||| Stepping ~*~*~tactically~*~*~ (stealth).
 37682 | Swamp:4  | 37682 ||| Stepping ~*~*~tactically~*~*~ (stealth).
 37703 | Swamp:4  | 37703 ||| DROPPING +1 war axe of flaming.
 37708 | Swamp:4  | 37708 ||| INVOKING Berserk.
 37720 | Swamp:4  | 37720 ||| Stepping ~*~*~tactically~*~*~ (stealth).
 37812 | Swamp:4  | 37812 ||| Stepping ~*~*~tactically~*~*~ (stealth).
 37814 | Swamp:4  | 37814 ||| Stepping ~*~*~tactically~*~*~ (hiding).
 37815 | Swamp:4  | 37815 ||| Stepping ~*~*~tactically~*~*~ (hiding).
 37817 | Swamp:4  | 37817 ||| Stepping ~*~*~tactically~*~*~ (hiding).
 37942 | Swamp:4  | 37942 ||| INVOKING Berserk.
 38112 | Swamp:4  | 38112 ||| Stepping ~*~*~tactically~*~*~ (hiding).
 38116 | Swamp:4  | 38116 ||| INVOKING Brothers in Arms.
 38117 | Swamp:4  | 38117 ||| INVOKING Berserk.
 38248 | Swamp:4  | Got a decaying rune of Zot
 38261 | Swamp:4  | 38261 ||| Stepping ~*~*~tactically~*~*~ (hiding).
 38265 | Swamp:4  | 38265 ||| INVOKING Berserk.
 38270 | Swamp:4  | Reached skill level 15 in Armour
 38416 | Swamp:4  | 38416 ||| PLANNING VAULTS:1-4
 38659 | Vaults:1 | Entered Level 1 of the Vaults
 38660 | Vaults:1 | 38660 ||| PLANNING BAZAAR
 38764 | Vaults:1 | 38764 ||| Stepping ~*~*~tactically~*~*~ (stealth).
 38767 | Vaults:1 | 38767 ||| Stepping ~*~*~tactically~*~*~ (hiding).
 38866 | Vaults:1 | 38866 ||| INVOKING Trog's Hand.
 38868 | Vaults:1 | 38868 ||| INVOKING Berserk.
 39059 | Vaults:1 | 39059 ||| Stepping ~*~*~tactically~*~*~ (hiding).
 39112 | Vaults:1 | Reached skill level 6 in Dodging
 39210 | Vaults:1 | Identified the amulet "Kakh" {Faith Int+4}
 39276 | Vaults:1 | 39276 ||| Stepping ~*~*~tactically~*~*~ (hiding).
 39277 | Vaults:1 | 39277 ||| Stepping ~*~*~tactically~*~*~ (hiding).
 39315 | Vaults:1 | 39315 ||| INVOKING Trog's Hand.
 39362 | Vaults:1 | 39362 ||| Stepping ~*~*~tactically~*~*~ (stealth).
 39366 | Vaults:1 | 39366 ||| Stepping ~*~*~tactically~*~*~ (stealth).
 39400 | Vaults:1 | 39400 ||| INVOKING Trog's Hand.
 39591 | Vaults:1 | 39591 ||| INVOKING Brothers in Arms.
 39594 | Vaults:1 | 39594 ||| INVOKING Berserk.
 39747 | Vaults:1 | 39747 ||| READING scroll of enchant weapon.
 39747 | Vaults:1 | 39747 ||| ENCHANTING +6 vampiric broad axe.
 39927 | Vaults:1 | 39927 ||| RIP BAZAAR
 39957 | Vaults:1 | 39957 ||| PLANNING VAULTS:1-4
 39965 | Vaults:1 | 39965 ||| INVOKING Trog's Hand.
 40311 | Vaults:1 | 40311 ||| DROPPING amulet "Kakh" {Faith Int+4}.
 40378 | Vaults:2 | 40378 ||| Stepping ~*~*~tactically~*~*~ (stealth).
 40381 | Vaults:2 | 40381 ||| Stepping ~*~*~tactically~*~*~ (stealth).
 40383 | Vaults:2 | 40383 ||| Stepping ~*~*~tactically~*~*~ (stealth).
 40606 | Vaults:2 | 40606 ||| INVOKING Trog's Hand.
 40609 | Vaults:2 | 40609 ||| Stepping ~*~*~tactically~*~*~ (hiding).
 40617 | Vaults:2 | 40617 ||| INVOKING Brothers in Arms.
 40618 | Vaults:2 | 40618 ||| INVOKING Brothers in Arms.
 40619 | Vaults:2 | 40619 ||| INVOKING Brothers in Arms.
 40620 | Vaults:2 | 40620 ||| INVOKING Brothers in Arms.
 40621 | Vaults:2 | 40621 ||| INVOKING Brothers in Arms.
 40622 | Vaults:2 | 40622 ||| INVOKING Berserk.
 40638 | Vaults:2 | Reached skill level 19 in Shields
 40646 | Vaults:2 | 40646 ||| INVOKING Trog's Hand.
 40651 | Vaults:2 | 40651 ||| INVOKING Brothers in Arms.
 40652 | Vaults:2 | 40652 ||| INVOKING Brothers in Arms.
 40655 | Vaults:2 | HP: 9/120 [ironbound frostheart/creeping frost (30)]
 40655 | Vaults:2 | Slain by an orc warlord

Levels and vault maps discovered:
D:1:      dpeg_cavernosity, layout_basic
D:2:      layout_basic, basic_altar, serial_shops, shop, chequers_arboretum,
          minmay_hexomino_f4, uniq_natasha
D:3:      layout_rooms, mainiacjoe_overflow_boulevard, serial_corexii_hall,
          chequers_hall_statues_wall_a, corexii_hall_statues_l, serial_shops,
          nicolae_shop_statue_plus, minmay_fractal_squares_diagonal_5
D:4:      minmay_clustersquares, layout_gridville, kennysheep_okawaru_gauntlet,
          grunt_decor_cap, hangedman_abyss_or_decor_passed, uniq_grinder,
          uniq_blork_the_orc, uniq_eustachio
D:5:      layout_rooms, gammafunk_temple_overflow_pools,
          nicolae_elyvilon_temple_path, minmay_temple_entry_antechambers
D:6:      layout_cave_pods, old_standard_altar
D:7:      layout_basic, enter_bailey_5, grunt_ministairs_6
D:8:      nzn_winding_woodlands_small [nzn_winding_woodlands_5x15_zeroes,
          nzn_winding_woodlands_center_lodge,
          nzn_winding_woodlands_5x15_lazy_stream], layout_basic,
          jmf_multi_god_temple, david_lair_generic
D:9:      layout_loops_ring, minmay_unpleasant_kobolds, uniq_prince_ribbit1
D:10:     layout_basic, erik_orc_3
D:11:     layout_stronghold, lemuel_blue_sif_altar
D:12:     minmay_diamond_stairs, layout_layer_cave
D:13:     layout_rooms, gammafunk_ghost_arena, minmay_misc_feat_plants,
          uniq_rupert
D:14:     layout_rooms, hangedman_vaults_entry_quadrant_bands, enter_trove_5,
          grunt_decor_resistance, eino_house_with_fridge
D:15:     grunt_enter_depths_giant_problem, layout_layer_cave,
          gammafunk_ghost_arena, grunt_decor_junction, uniq_agnes, uniq_louise
Lair:1:   layout_long_grid, ebering_ghost_reflecting_pool,
          nicolae_quartered_pool_medium, hangedman_lair_generics_rect,
          grunt_megastairs_2, lemuel_fruit_tree, serial_bayou_shore_a
Lair:2:   layout_long_grid, minmay_swamp_entry_worms, spider_nest_entry_webs,
          grunt_megastairs_1, uniq_urug
Lair:3:   wad_woods_structure_01, layout_big_grid, infiniplex_staircase_pool_2
Lair:4:   layout_gridlike, basic_altar, grunt_megastairs_5
Lair:5:   minmay_lair_end_enchanted_forest, layout_cave_pods,
          minmay_slime_entry_oklob_open, serial_bayou, serial_bayou_pond_c,
          serial_bayou_shore_b, serial_bayou_pond_a, serial_bayou_lagoon_a,
          roderic_batcave
Swamp:1:  layout_basic_swamp, nicolae_swamp_ascending_descending
Swamp:2:  layout_basic_swamp, evilmike_swamp_ruin_house_3
Swamp:3:  layout_falls_marsh, evilmike_swamp_ruin_house_5
Swamp:4:  swamp_basic_johnstein, layout_basic_swamp, swamp_pool3
Spider:1: layout_spider_delve, nicolae_spider_some_kinda_spiderbox
Spider:2: layout_spider_delve
Spider:3: layout_spider_delve
Orc:1:    layout_caves, serial_shops, nicolae_shop_overgrown_old_shop
Orc:2:    grunt_orc_community_town_hall, layout_diamond_mine,
          grunt_orc_community_big_house_2, grunt_orc_community_big_house_2,
          grunt_orc_community_house_3, grunt_orc_community_house_3,
          grunt_orc_community_house_3, grunt_orc_community_house_1,
          serial_shops, nicolae_shop_competitors_out_of_business
Vaults:1: ontoclasm_vaults_ring_small, grunt_vaults_hallway_long,
          v_alt_pattern_6, v_misc_27, nicolae_vaults_circle_grid_b,
          nicolae_vaults_little_squares_2, v_misc_29,
          nicolae_vaults_yaktaur_gun_rack, vaults_room_pools,
          layout_vaults_omnigrid, serial_shops, bzr_firewalk
Vaults:2: v_misc_10, nicolae_vaults_bisected_exclaves, v_misc_13,
          hangedman_vaults_hat, vaults_standard_mumra_lines, v_pattern_4,
          nicolae_vaults_ring_of_whatevers, nicolae_vaults_three_branches,
          vaults_room_pools, ontoclasm_vaults_twist, vaults_room_pools,
          layout_vaults_ring

Skill      XL: |  1  2  3  4  5  6  7  8  9 10 11 12 13 14 15 16 17 18 |
---------------+-------------------------------------------------------+-----
Axes           | 3 4 5 6 7 8 9 10 11 13 14 16 17 18 | 18.0
Fighting       | 4 5 6 8 9 10 11 12 13 15 16 | 16.0
Armour         | 3 4 6 7 9 10 11 12 14 15 | 15.2
Shields        | 3 4 6 10 11 12 13 17 18 19 | 19.0
Dodging        | 2 3 4 5 6 |  6.0
Throwing       | 3 4 5 |  5.0

Action                   |  1- 3 |  4- 6 |  7- 9 | 10-12 | 13-15 | 16-18 || total
-------------------------+-------+-------+-------+-------+-------+-------++-------
Melee: Hand axe          |    94 |   173 |   152 |    49 |       |       ||   468
       Punch             |       |     2 |       |       |       |       ||     2
       War axe           |       |       |       |   279 |   134 |    18 ||   431
       Broad axe         |       |       |       |       |   672 |  1238 ||  1910
Throw: Javelin           |       |       |     3 |    40 |   113 |       ||   156
       Boomerang         |       |       |       |       |    89 |   158 ||   247
Invok: Berserk           |     1 |     4 |     8 |    13 |    30 |    28 ||    84
       Trog's Hand       |       |     1 |     1 |       |     5 |     8 ||    15
       Brothers in Arms  |       |       |       |       |     6 |    16 ||    22
  Use: Scroll            |     2 |     6 |     7 |     2 |    15 |     9 ||    41
       Potion            |     2 |     3 |     5 |       |     2 |     3 ||    15
 Stab: Sleeping          |     1 |       |       |       |       |       ||     1
       Distracted        |       |       |       |       |       |     1 ||     1
Armor: Animal skin       |    31 |    20 |       |       |       |       ||    51
       Leather armour    |       |    38 |       |       |       |       ||    38
       Chain mail        |       |    21 |    95 |   126 |       |       ||   242
       Plate armour      |       |       |       |    68 |   472 |   820 ||  1360
Dodge: Dodged            |    57 |   101 |    50 |   101 |   195 |   355 ||   859
Block: Buckler           |       |       |    34 |    22 |       |       ||    56
       Kite shield       |       |       |       |   129 |   436 |    11 ||   576
       Tower shield      |       |       |       |       |       |  1253 ||  1253

Table legend:
 A = Non-vault XP
 B = Vault XP
 C = Vault XP percentage of total XP
 D = Non-vault monster count
 E = Vault monster count
 F = Vault count percentage of total count
                 A         B        C        D         E       F
            +---------+---------+-------+---------+---------+-------
      Total |  220005 |   84757 |  27.8 |     750 |     321 |  30.0
            +---------+---------+-------+---------+---------+-------
        D:1 |      65 |       5 |   7.1 |      30 |       4 |  11.8
        D:2 |      50 |      39 |  43.8 |      15 |       3 |  16.7
        D:3 |      58 |      39 |  40.2 |      17 |       8 |  32.0
        D:4 |     314 |     845 |  72.9 |      14 |      10 |  41.7
        D:5 |     348 |       0 |   0.0 |      13 |       0 |   0.0
        D:6 |     541 |       0 |   0.0 |       7 |       0 |   0.0
        D:7 |     276 |     199 |  41.9 |      13 |       6 |  31.6
        D:8 |    2239 |    3554 |  61.3 |      15 |      15 |  50.0
        D:9 |    1018 |     486 |  32.3 |      12 |       7 |  36.8
       D:10 |    1094 |     569 |  34.2 |      10 |      16 |  61.5
       D:11 |    3101 |       0 |   0.0 |      11 |       0 |   0.0
       D:12 |    7024 |    4406 |  38.5 |      19 |       6 |  24.0
       D:13 |    6929 |    1860 |  21.2 |      10 |       1 |   9.1
       D:14 |   11395 |    7325 |  39.1 |      19 |      29 |  60.4
       D:15 |    5957 |    3700 |  38.3 |      12 |       3 |  20.0
     Lair:1 |   10282 |    3595 |  25.9 |      37 |      14 |  27.5
     Lair:2 |   10076 |    1363 |  11.9 |      29 |       4 |  12.1
     Lair:3 |    8376 |    1415 |  14.5 |      18 |       9 |  33.3
     Lair:4 |    4482 |    1213 |  21.3 |      17 |       2 |  10.5
     Lair:5 |   16233 |   11374 |  41.2 |      40 |      60 |  60.0
    Swamp:1 |    9039 |       0 |   0.0 |      23 |       0 |   0.0
    Swamp:2 |    7660 |       0 |   0.0 |      13 |       0 |   0.0
    Swamp:3 |    9013 |       0 |   0.0 |      22 |       0 |   0.0
    Swamp:4 |    9956 |   21108 |  68.0 |      20 |      27 |  57.4
   Spider:1 |   38369 |    4878 |  11.3 |     117 |      10 |   7.9
   Spider:2 |    4803 |       0 |   0.0 |      10 |       0 |   0.0
   Spider:3 |   12854 |       0 |   0.0 |      31 |       0 |   0.0
      Orc:1 |    4123 |       0 |   0.0 |      32 |       0 |   0.0
      Orc:2 |    4365 |    4952 |  53.2 |      70 |      69 |  49.6
   Vaults:1 |   15073 |    9079 |  37.6 |      31 |      14 |  31.1
   Vaults:2 |   14892 |    2753 |  15.6 |      23 |       4 |  14.8
            +---------+---------+-------+---------+---------+-------
